 Dungeon Crawl Stone Soup version 0.29-a0-344-ge2f44be95a (webtiles) character file.

Game seed: 11831023080263452535

516 Agony the Covered (level 7, -4/60 (62) HPs)
             Began as a Minotaur Fighter on Apr 22, 2022.
             Was a Believer of Zin.
             Slain by an orc
             ... wielding a +2 war axe of venom
              (7 damage)
             ... on level 4 of the Dungeon.
             The game lasted 00:06:27 (3667 turns).

Agony the Covered (Minotaur Fighter)                Turns: 3667, Time: 00:06:28

HP:   -4/60 (62)    AC:  7    Str: 23    XL:     7   Next: 0%
MP:   6/6           EV:  8    Int:  5    God:    Zin [**....]
Gold: 157           SH:  8    Dex:  9    Spells: 6/6 levels left

rFire   . . .      SeeInvis .   a - +1 long sword
rCold   . . .      Faith    .   n - +0 kite shield
rNeg    . . .      Spirit   .   b - +0 scale mail
rPois   .          Reflect  .   (helmet restricted)
rElec   .          Harm     .   (no cloak)
rCorr   +          Rampage  .   (no gloves)
Will    .....                   (no boots)
Stlth   ..........              (no amulet)
HPRegen 0.20/turn               f - ring of resist corrosion
MPRegen 0.10/turn               (no ring)

@: mighty, lethally poisoned (-4 -> -10), lightly drained
A: horns 2, retaliatory headbutt
a: Renounce Religion, Recite, Vitalisation, Donate Gold


You were on level 4 of the Dungeon.
You worshipped Zin.
Zin was pleased with you.
You visited 1 branch of the dungeon, and saw 4 of its levels.

You collected 213 gold pieces.
You donated 56 gold pieces to Zin.

Inventory:

Hand Weapons
 a - a +1 long sword (weapon)
Missiles
 i - 2 throwing nets (quivered)
Armour
 b - a +0 scale mail (worn)
 n - a +0 kite shield (worn)
Jewellery
 f - a ring of resist corrosion (left hand)
Wands
 p - a wand of iceblast (4)
Scrolls
 c - 2 scrolls of identify
 e - a scroll of silence {unknown}
 j - a scroll of fear
 k - a scroll of blinking {unknown}
 m - a scroll of immolation {unknown}
 o - 2 scrolls of enchant armour {unknown}
 q - a scroll of teleportation
Potions
 g - 2 potions of flight
 h - a potion of ambrosia {unknown}
 l - 2 potions of brilliance {unknown}


   Skills:
 + Level 5.6 Fighting
 + Level 4.9 Long Blades
 + Level 5.7 Armour
 + Level 5.7 Shields


You had 6 spell levels left.
You didn't know any spells.
Your spell library contained the following spells:

 Spells                   Type           Power      Damage    Failure   Level
 Foxfire                  Conj/Fire      0%         2x1d4     98%         1
 Magic Dart               Conj           0%         1d3       98%         1
 Call Imp                 Summ           0%         N/A       99%         2
 Conjure Flame            Conj/Fire      0%         6-21      100%        3
 Inner Flame              Hex/Fire       0%         N/A       100%        3
 Mephitic Cloud           Conj/Pois/Air  0%         N/A       100%        3
 Flame Wave               Conj/Fire      0%         2d4       100%        4


Dungeon Overview and Level Annotations

Branches:
Dungeon (4/15)
 Temple: D:4-7

Altars:
Yredelemnul
Zin

Annotations:
D:4 Menkaure


Innate Abilities, Weirdness & Mutations

You have a pair of horns on your head.
You reflexively headbutt those who attack you in melee.


Message History

You are too injured to fight recklessly!
You are too injured to fight recklessly!
You are too injured to fight recklessly!
You are too injured to fight recklessly!
You are too injured to fight recklessly!
You are too injured to fight recklessly!
You are too injured to fight recklessly!
You are too injured to fight recklessly!
The orc throws a silver javelin.
The silver javelin pierces through you.
Aiming: Iceblast
Press: ? - help, Shift-Dir - straight line, f - orc
Aim: an orc, wielding a +2 war axe of venom, wearing a +0 scale mail and quivering silver javelins (moderately wounded)
Okay, then.
You feel very mighty all of a sudden. The kobold hits you but does no damage.
You hit the kobold.
You kill the kobold!
Menkaure breathes soot at you.
You barely miss the orc.
The orc is moderately wounded.
The orc barely misses you.
Menkaure calls on the powers of darkness!
The orc convulses!
Your body is wracked with pain!
* * * LOW HITPOINT WARNING * * *
You block the orc's attack.
You barely miss the orc.
The orc is heavily wounded.
The orc hits you with a +2 war axe of venom.
* * * LOW HITPOINT WARNING * * *
Menkaure calls on the powers of darkness!
The orc convulses!
Your body is wracked with pain!
* * * LOW HITPOINT WARNING * * *
You hit the orc but do no damage.
The orc is heavily wounded.
The orc hits you with a +2 war axe of venom.
* * * LOW HITPOINT WARNING * * *
You are lethally poisoned!
Menkaure shouts, "You disturbed my rest!
Die!"
The orc hits you with a +2 war axe of venom!
You die...

##################
#.........>.......
#.###############. #.#
#. #.# ######. #@#
#...... #o# #.####.
#M##########.###..
#................#
........)....##.#####..#
####.........## #..#
##.#......## #...
.........##. #..)
##.#.##..###.#####...


You could see Menkaure and an orc.

Vanquished Creatures
  Sigmund (D:2)
  A centaur (D:3)
  An orc priest (D:3)
  An iguana (D:3)
  An orc wizard (D:3)
  4 gnolls (D:4)
  7 adders
  5 dart slugs
  A worm (D:2)
  3 orcs (D:3)
  5 ball pythons
  4 bats
  8 endoplasms
  5 giant cockroaches
  6 goblins
  7 hobgoblins
  6 jackals (D:2)
  11 kobolds
  2 quokkas (D:1)
  6 frilled lizards
  A rat (D:3)
86 creatures vanquished.

Vanquished Creatures (others)
  3 fungi (D:3)
  5 toadstools (D:3)
8 creatures vanquished.

Grand Total: 94 creatures vanquished

Notes
Turn   | Place    | Note
-------+----------+-------------------------------------------
     0 | D:1      | Agony the Minotaur Fighter began the quest for the Orb.
     0 | D:1      | Reached XP level 1. HP: 19/19 MP: 0/0
    19 | D:1      | Found a faded altar of an unknown god.
   130 | D:1      | Reached XP level 2. HP: 27/27 MP: 1/1
   836 | D:2      | Reached XP level 3. HP: 30/33 MP: 2/2
  1416 | D:2      | Noticed Sigmund
  1426 | D:2      | Killed Sigmund
  1427 | D:2      | Reached skill level 5 in Armour
  1427 | D:2      | Reached XP level 4. HP: 36/41 MP: 3/3
  1427 | D:2      | Reached XP level 5. HP: 41/47 MP: 4/4
  1547 | D:2      | Reached skill level 5 in Fighting
  1547 | D:2      | Reached skill level 5 in Shields
  1682 | D:2      | Found a glowing silver altar of Zin.
  1706 | D:2      | Became a worshipper of Zin the Law-Giver
  1707 | D:2      | Donated 35 gold pieces to Zin
  1906 | D:2      | Reached * piety under Zin
  2000 | D:3      | Reached XP level 6. HP: 56/56 MP: 5/5
  2399 | D:3      | Reached ** piety under Zin
  2917 | D:3      | Found a basalt altar of Yredelemnul.
  3589 | D:4      | Reached XP level 7. HP: 60/60 MP: 6/6
  3652 | D:4      | Noticed Menkaure
  3667 | D:4      | HP: 3/60 [orc/+2 war axe of venom (2)]
  3667 | D:4      | Slain by an orc

Illustrated notes

Levels and vault maps discovered:
D:1:      dpeg_arrival_windows_large_door, layout_rooms,
          hellmonk_ecumenical_altar_lost_god
D:2:      layout_basic, basic_altar, uniq_sigmund
D:3:      layout_basic, lemuel_doored_altar, chequers_serial_rivers_room_a,
          roderic_lattice_a, minmay_gold_behind_fungi, hangedman_decor_points,
          minmay_door_square, kennysheep_generic_room_13
D:4:      layout_loops_ring, uniq_menkaure

Skill      XL: |  1  2  3  4  5 |
---------------+----------------+-----
Armour         | 4 5 |  5.7
Fighting       | 4 5 |  5.6
Shields        | 4 5 |  5.7
Long Blades    | 3 4 |  4.9

Action                   |  1- 3 |  4- 6 |  7- 9 || total
-------------------------+-------+-------+-------++-------
Melee: Long sword        |    96 |   125 |    11 ||   232
       Headbutt          |    18 |    18 |     1 ||    37
Invok: Donate Gold       |       |     1 |       ||     1
  Use: Scroll            |     5 |     1 |       ||     6
       Potion            |       |       |     1 ||     1
Armor: Scale mail        |    49 |    54 |     3 ||   106
Dodge: Dodged            |    48 |    50 |     5 ||   103
Block: Buckler           |    31 |    25 |       ||    56
       Kite shield       |       |    14 |     6 ||    20

Table legend: (Time is in decaauts)
 A = Elapsed time spent in this place.
 B = Non-inter-level travel time spent in this place.
 C = Inter-level travel time spent in this place.
 D = Time resting spent in this place.
 E = Time spent auto-exploring this place.
 F = Levels seen in this place.
 G = Mean time per level.
                   A        B        C        D        E       F      G
               +--------+--------+--------+--------+--------+-----+--------+
         Total |   3729 |   3684 |     45 |    310 |   2733 |   4 |  932.2 |
       Dungeon |   3729 |   3684 |     45 |    310 |   2733 |   4 |  932.2 |
               +--------+--------+--------+--------+--------+-----+--------+

Top non-repeatable levels by time:
     D:3: 1437 daAuts
     D:2: 1141 daAuts
     D:1: 814 daAuts
     D:4: 335 daAuts
